EVO
UCLA BRUINS @ UNIVERSITY OF ARIZONA WILDCATS
11/14/2044
 
TOP OF THE 1ST
University of Arizona Wildcats batting - Pitching for Rice University Owls : RHP Steve Pierson
Pitching: RHP Steve Pierson
Batting: RHB Chiel Palstermans 0-0: Ball
1-0: Called Strike
1-1: Foul Ball, location: 2F
1-2: Ball
2-2: Ground out 4-3 (Groundball, 4, EV 76.3 MPH)
Batting: RHB Adam Lambert 0-0: Foul Ball, location: 2F
0-1: Swinging Strike
0-2: Strikes out swinging, 2-3 out at first.
Batting: RHB Sean Neuroth 0-0: Called Strike
0-1: Swinging Strike
0-2: Foul Ball, location: 2F
0-2: Ball
1-2: Foul Ball, location: 2F
1-2: Ball
2-2: Foul Ball, location: 2F
2-2: Strikes out swinging
Top of the 1st over - 0 runs, 0 hits, 0 errors, 0 left on base; University of Arizona 0 - Rice University 0
BOTTOM OF THE 1ST
Rice University Owls batting - Pitching for University of Arizona Wildcats : RHP Chris Petrey
Pitching: RHP Chris Petrey
Batting: RHB George Provance 0-0: Called Strike
0-1: Foul Ball, location: 2F
0-2: Fly out, F9 (Flyball, 9S, EV 85.6 MPH)
Batting: RHB Steve Clark 0-0: Called Strike
0-1: Foul Ball, location: 2F
0-2: Fly out, F5 (Flyball, 5D, EV 93.1 MPH)
Batting: RHB Chris McGrath 0-0: Foul Ball, location: 2F
0-1: Called Strike
0-2: Ball
1-2: Foul Ball, location: 2F
1-2: Strikes out swinging
Bottom of the 1st over - 0 runs, 0 hits, 0 errors, 0 left on base; University of Arizona 0 - Rice University 0
TOP OF THE 2ND
University of Arizona Wildcats batting - Pitching for Rice University Owls : RHP Steve Pierson
Batting: LHB Alan Bianchard 0-0: Called Strike
0-1: Ball
1-1: Swinging Strike
1-2: Ball
2-2: Ball
3-2: Foul Ball, location: 2F
3-2: Foul Ball, location: 2F
3-2: Base on Balls
Batting: RHB Rich Justice 0-0: Ball
Wild Pitch!
Alan Bianchard to second
1-0: Fly out, F3 (Popup, 34S, EV 76.3 MPH)
Batting: RHB Junro Kato 0-0: Foul Ball, location: 2F
0-1: Ball
1-1: 2-RUN HOME RUN (Flyball, 7D, EV 88.8 MPH), Distance : 383 ft
Batting: RHB Jose Evangelista 0-0: Swinging Strike
0-1: Foul Ball, location: 2F
0-2: Strikes out swinging
Batting: RHB Keith Bennett 0-0: Ball
1-0: Foul Ball, location: 2F
1-1: Ball
2-1: Fly out, F8 (Flyball, 8RS, EV 88.8 MPH)
Top of the 2nd over - 2 runs, 1 hit, 0 errors, 0 left on base; University of Arizona 2 - Rice University 0
BOTTOM OF THE 2ND
Rice University Owls batting - Pitching for University of Arizona Wildcats : RHP Chris Petrey
Batting: LHB Danny Roe 0-0: Foul Ball, location: 2F
0-1: Ball
1-1: Foul Ball, location: 2F
1-2: Ball
2-2: Ball
3-2: Strikes out swinging
Batting: RHB Bazyli Andrysiak 0-0: Called Strike
0-1: Ground out 4-3 (Groundball, 4, EV 90.0 MPH)
Batting: RHB Jose Ramirez 0-0: Fly out, F9 (Flyball, 89M, EV 94.4 MPH)
Bottom of the 2nd over - 0 runs, 0 hits, 0 errors, 0 left on base; University of Arizona 2 - Rice University 0
TOP OF THE 3RD
University of Arizona Wildcats batting - Pitching for Rice University Owls : RHP Steve Pierson
Batting: RHB Chris Petrey 0-0: Foul Ball, location: 2F
0-1: Ball
1-1: Fly out, F7 (Flyball, 78M, EV 90.0 MPH)
Batting: RHB Chiel Palstermans 0-0: Fly out, F8 (Flyball, 8RD, EV 90.0 MPH)
Batting: RHB Adam Lambert 0-0: Fly out, F9 (Flyball, 89M, EV 81.9 MPH)
Top of the 3rd over - 0 runs, 0 hits, 0 errors, 0 left on base; University of Arizona 2 - Rice University 0
BOTTOM OF THE 3RD
Rice University Owls batting - Pitching for University of Arizona Wildcats : RHP Chris Petrey
Batting: RHB Curt Stallings 0-0: Ball
1-0: Called Strike
1-1: Swinging Strike
1-2: Strikes out swinging
Batting: RHB Alvaro Romero 0-0: Called Strike
0-1: Called Strike
0-2: Foul Ball, location: 2F
0-2: Strikes out looking
Batting: RHB Steve Pierson 0-0: Called Strike
0-1: Foul Ball, location: 2F
0-2: Ground out 6-3 (Groundball, 6MD, EV 104.4 MPH)
Bottom of the 3rd over - 0 runs, 0 hits, 0 errors, 0 left on base; University of Arizona 2 - Rice University 0
TOP OF THE 4TH
University of Arizona Wildcats batting - Pitching for Rice University Owls : RHP Steve Pierson
Batting: RHB Sean Neuroth 0-0: Called Strike
0-1: Ball
1-1: Ground out 5-3 (Groundball, 56, EV 108.8 MPH)
Batting: LHB Alan Bianchard 0-0: Swinging Strike
0-1: Ball
1-1: Swinging Strike
1-2: Foul Ball, location: 2F
1-2: Strikes out swinging
Batting: RHB Rich Justice 0-0: Swinging Strike
0-1: Called Strike
0-2: Strikes out swinging
Top of the 4th over - 0 runs, 0 hits, 0 errors, 0 left on base; University of Arizona 2 - Rice University 0
BOTTOM OF THE 4TH
Rice University Owls batting - Pitching for University of Arizona Wildcats : RHP Chris Petrey
Batting: RHB George Provance 0-0: Ball
1-0: Ball
2-0: Ground out 5-3 (Groundball, 56, EV 100.6 MPH)
Batting: RHB Steve Clark 0-0: Ball
1-0: Called Strike
1-1: Ground out 5-3 (Groundball, 56, EV 101.9 MPH)
Batting: RHB Chris McGrath 0-0: Called Strike
0-1: Foul Ball, location: 2F
0-2: Ball
1-2: Ball
2-2: Foul Ball, location: 2F
2-2: Fly out, F7 (Flyball, 7, EV 88.1 MPH)
Bottom of the 4th over - 0 runs, 0 hits, 0 errors, 0 left on base; University of Arizona 2 - Rice University 0
TOP OF THE 5TH
University of Arizona Wildcats batting - Pitching for Rice University Owls : RHP Steve Pierson
Batting: RHB Junro Kato 0-0: Swinging Strike
0-1: DOUBLE (Line Drive, 78D, EV 106.9 MPH)
Batting: RHB Jose Evangelista 0-0: Ball
1-0: Fly out, F8 (Flyball, 8RXD, EV 89.4 MPH)
Runner from 2nd tags up, SAFE at 3rd, no throw by CF
Batting: RHB Keith Bennett 0-0: Foul Ball, location: 2F
0-1: Fly out, F6 (Popup, 6M, EV 54.4 MPH)
Batting: RHB Chris Petrey 0-0: Ball
1-0: Called Strike
1-1: DOUBLE (Line Drive, 7LM, EV 102.5 MPH)
Junro Kato scores
Batting: RHB Chiel Palstermans 0-0: Fly out, F8 (Flyball, 89D, EV 93.8 MPH)
Top of the 5th over - 1 run, 2 hits, 0 errors, 1 left on base; University of Arizona 3 - Rice University 0
BOTTOM OF THE 5TH
Rice University Owls batting - Pitching for University of Arizona Wildcats : RHP Chris Petrey
Batting: LHB Danny Roe 0-0: Ball
1-0: Ball
2-0: Ball
3-0: Called Strike
3-1: Foul Ball, location: 2F
3-2: Base on Balls
Batting: RHB Bazyli Andrysiak 0-0: DOUBLE (Flyball, 8RD, EV 98.8 MPH)
Danny Roe to third
Batting: RHB Jose Ramirez 0-0: Called Strike
0-1: Ball
1-1: Ball
2-1: SINGLE (Groundball, 6MD, EV 104.4 MPH)
Danny Roe scores
Bazyli Andrysiak to third
Batting: RHB Curt Stallings 0-0: Called Strike
0-1: Called Strike
0-2: Ball
1-2: Fly out, F9 (Line Drive, 9, EV 97.5 MPH)
Runner from 3rd tags up, SCORES, throw by RF
Batting: RHB Alvaro Romero 0-0: Ball
1-0: Ball
2-0: Ball
3-0: Base on Balls
Jose Ramirez to second
Batting: RHB Steve Pierson 0-0: Sac Bunt to 2L - play at first, batter OUT! 2-4
Jose Ramirez to third
Alvaro Romero to second
Batting: RHB George Provance 0-0: Ball
1-0: Called Strike
1-1: Foul Ball, location: 2F
1-2: Strikes out looking
Bottom of the 5th over - 2 runs, 2 hits, 0 errors, 2 left on base; University of Arizona 3 - Rice University 2
TOP OF THE 6TH
University of Arizona Wildcats batting - Pitching for Rice University Owls : RHP Steve Pierson
Batting: RHB Adam Lambert 0-0: Ball
1-0: Ground out 6-3 (Groundball, 6, EV 86.9 MPH)
Batting: RHB Sean Neuroth 0-0: Called Strike
0-1: Ball
1-1: Ball
2-1: SINGLE (Groundball, 56S, EV 65.0 MPH) (infield hit)
Batting: LHB Alan Bianchard 0-0: Ball
1-0: Foul Ball, location: 2F
1-1: Foul Ball, location: 2F
1-2: Fly out, F5 (Popup, 5, EV 69.4 MPH)
Batting: RHB Rich Justice 0-0: Foul Ball, location: 2F
0-1: Called Strike
0-2: Foul Ball, location: 2F
0-2: Ball
1-2: Foul Ball, location: 2F
1-2: Foul Ball, location: 2F
1-2: Fly out, F4 (Popup, 34, EV 60.0 MPH)
Top of the 6th over - 0 runs, 1 hit, 0 errors, 1 left on base; University of Arizona 3 - Rice University 2
BOTTOM OF THE 6TH
Rice University Owls batting - Pitching for University of Arizona Wildcats : RHP Chris Petrey
Batting: RHB Steve Clark 0-0: Called Strike
0-1: Ground out 1-3 (Groundball, 13S, EV 73.8 MPH)
Batting: RHB Chris McGrath 0-0: Ball
1-0: Swinging Strike
1-1: Swinging Strike
1-2: Strikes out swinging
Batting: LHB Danny Roe 0-0: Foul Ball, location: 2F
0-1: SOLO HOME RUN (Flyball, 9LD, EV 90.0 MPH), Distance : 346 ft
Batting: RHB Bazyli Andrysiak 0-0: Ball
1-0: Called Strike
1-1: Ball
2-1: SOLO HOME RUN (Flyball, 89XD, EV 100.6 MPH), Distance : 434 ft
Batting: RHB Jose Ramirez 0-0: Ball
1-0: Swinging Strike
1-1: Foul Ball, location: 2F
1-2: Strikes out looking
Bottom of the 6th over - 2 runs, 2 hits, 0 errors, 0 left on base; University of Arizona 3 - Rice University 4
TOP OF THE 7TH
University of Arizona Wildcats batting - Pitching for Rice University Owls : RHP Steve Pierson
Pitching: RHP Jason Childress
Batting: RHB Junro Kato 0-0: Called Strike
0-1: Ground out 4-3 (Groundball, 4, EV 92.5 MPH)
Batting: RHB Jose Evangelista 0-0: Called Strike
0-1: Foul Ball, location: 2F
0-2: Ball
1-2: Strikes out swinging
Batting: RHB Keith Bennett 0-0: Called Strike
0-1: Fly out, F7 (Flyball, 7, EV 79.4 MPH)
Top of the 7th over - 0 runs, 0 hits, 0 errors, 0 left on base; University of Arizona 3 - Rice University 4
BOTTOM OF THE 7TH
Rice University Owls batting - Pitching for University of Arizona Wildcats : RHP Chris Petrey
Pitching: RHP Tim Watson
Batting: RHB Curt Stallings 0-0: Ball
1-0: Called Strike
1-1: Foul Ball, location: 2F
1-2: Foul Ball, location: 2F
1-2: Ball
2-2: Strikes out swinging
Batting: RHB Alvaro Romero 0-0: Ball
1-0: Ball
2-0: Called Strike
2-1: Swinging Strike
2-2: Ball
3-2: Foul Ball, location: 2F
3-2: Foul Ball, location: 2F
3-2: Base on Balls
Pinch Hitting: LHB Jeff Alphonso 0-0: Ball
1-0: Ball
2-0: Called Strike
2-1: Foul Ball, location: 2F
2-2: Ball
3-2: Foul Ball, location: 2F
3-2: SINGLE (Groundball, 34S, EV 61.9 MPH) (infield hit)
Alvaro Romero to second
Batting: RHB George Provance 0-0: Called Strike
0-1: DOUBLE (Flyball, 8LD, EV 95.6 MPH)
Alvaro Romero scores
Jeff Alphonso to third
Batting: RHB Steve Clark 0-0: Ball
1-0: Ball
2-0: Ball
3-0: Called Strike
3-1: Swinging Strike
3-2: Base on Balls
Batting: RHB Chris McGrath 0-0: DOUBLE (Flyball, 89XD, EV 110.6 MPH)
Jeff Alphonso scores
George Provance scores
Steve Clark to third
Pitching: RHP Iwao Machida
Batting: LHB Danny Roe 0-0: Swinging Strike
0-1: Swinging Strike
0-2: Ball
1-2: Ball
2-2: Foul Ball, location: 2F
2-2: Foul Ball, location: 2F
2-2: Strikes out swinging
Batting: RHB Bazyli Andrysiak 0-0: Ball
1-0: Ball
2-0: Ball
3-0: Base on Balls
Batting: RHB Jose Ramirez 0-0: Swinging Strike
0-1: Foul Ball, location: 2F
0-2: Ball
1-2: Strikes out swinging
Bottom of the 7th over - 3 runs, 3 hits, 0 errors, 3 left on base; University of Arizona 3 - Rice University 7
TOP OF THE 8TH
University of Arizona Wildcats batting - Pitching for Rice University Owls : RHP Jason Childress
Pitching: RHP Jesus Griego
Pinch Hitting: RHB Akira Suzuki 0-0: Called Strike
0-1: Called Strike
0-2: Ball
1-2: Ball
2-2: Ball
3-2: Strikes out swinging
Batting: RHB Chiel Palstermans 0-0: Ball
1-0: Called Strike
1-1: Foul Ball, location: 2F
1-2: Foul Ball, location: 2F
1-2: Ball
2-2: Foul Ball, location: 2F
2-2: Foul Ball, location: 2F
2-2: Ball
3-2: Fly out, F6 (Popup, 6MS, EV 71.3 MPH)
Batting: RHB Adam Lambert 0-0: Called Strike
0-1: Ball
1-1: Ground out 6-3 (Groundball, 6, EV 81.9 MPH)
Top of the 8th over - 0 runs, 0 hits, 0 errors, 0 left on base; University of Arizona 3 - Rice University 7
BOTTOM OF THE 8TH
Rice University Owls batting - Pitching for University of Arizona Wildcats : RHP Iwao Machida
Pitching: RHP Tony Sanchez
Batting: RHB Curt Stallings 0-0: Ball
1-0: Called Strike
1-1: Ball
2-1: Foul Ball, location: 2F
2-2: Ground out 3-1 (Groundball, 34S, EV 89.4 MPH)
Batting: RHB Alvaro Romero 0-0: Ball
1-0: Ball
2-0: Called Strike
2-1: Ball
3-1: Foul Ball, location: 2F
3-2: Base on Balls
Pinch Hitting: RHB Gabe Higley 0-0: Swinging Strike
0-1: Ball
1-1: Ball
2-1: Ball
3-1: Foul Ball, location: 2F
3-2: Strikes out looking
Batting: RHB George Provance 0-0: Called Strike
0-1: Ball
1-1: Foul Ball, location: 2F
1-2: Fly out, F7 (Flyball, 78M, EV 85.6 MPH)
Bottom of the 8th over - 0 runs, 0 hits, 0 errors, 1 left on base; University of Arizona 3 - Rice University 7
TOP OF THE 9TH
University of Arizona Wildcats batting - Pitching for Rice University Owls : RHP Jesus Griego
Pitching: LHP Antoine Champagne
Batting: RHB Sean Neuroth 0-0: Ball
1-0: Foul Ball, location: 2F
1-1: Foul Ball, location: 2F
1-2: Ground out 5-3 (Groundball, 5L, EV 104.4 MPH)
Batting: LHB Alan Bianchard 0-0: Called Strike
0-1: Foul Ball, location: 2F
0-2: Ball
1-2: DOUBLE (Line Drive, 78M, EV 101.9 MPH)
Batting: RHB Rich Justice 0-0: Foul Ball, location: 2F
0-1: Swinging Strike
0-2: Ball
1-2: Foul Ball, location: 2F
1-2: Hit by Pitch
Pitching: RHP Jorge Gallegos
Batting: RHB Junro Kato 0-0: Grounds into double play, 6-4-3 (Groundball, 6, EV 85.6 MPH)
Top of the 9th over - 0 runs, 1 hit, 0 errors, 1 left on base; University of Arizona 3 - Rice University 7
Thursday, March 31st , 2022 - OOTP Baseball 22.12 Build 89